 Dungeon Crawl Stone Soup version 0.27.1-33-g824d729ab1 (webtiles) character file.

Game seed: 1762187143165776792

312 comborobin the Covert (level 6, -3/53 HPs)
             Began as a Gnoll Delver on Dec 27, 2021.
             Shot with a stone by a hobgoblin (7 damage)
             ... on level 4 of the Dungeon.
             The game lasted 00:04:05 (3812 turns).

comborobin the Covert (Gnoll Delver)                Turns: 3812, Time: 00:04:05

Health: -3/53      AC:  5    Str: 14    XL:     6   Next: 42%
Magic:  9/9        EV: 12    Int:  9    God:
Gold:   98         SH:  0    Dex: 13    Spells: 9/9 levels left

rFire    . . .     SeeInvis .   a - +3 short sword (venom)
rCold    . . .     Faith    .   (no shield)
rNeg     . . .     Spirit   .   u - +0 ring mail
rPois    .         Reflect  .   (no helmet)
rElec    .         Harm     .   (no cloak)
rCorr    .         Rampage  .   (no gloves)
Will     .....                  (no boots)
Stlth    ++++......             (no amulet)
HPRegen  0.17/turn              t - ring of flight
MPRegen  0.11/turn              (no ring)

@: flying
A: fangs 1, strong nose, distributed training
a: no special abilities


You were on level 4 of the Dungeon.
You visited 1 branch of the dungeon, and saw 5 of its levels.

You collected 98 gold pieces.

Inventory:

Hand Weapons
 a - a +3 short sword of venom (weapon)
 b - a +0 hunting sling
 h - a +0 long sword
 p - a +0 vampiric spear
Missiles
 i - 25 stones (quivered)
 s - 3 javelins
Armour
 f - a +0 leather armour
 u - a +0 ring mail (worn)
Jewellery
 t - a ring of flight (left hand)
Wands
 g - a wand of digging (2)
Scrolls
 c - a scroll of fog
 d - 2 scrolls of magic mapping
 e - a scroll of fear
 j - 4 scrolls of identify {unknown}
 k - a scroll of amnesia {unknown}
 l - 2 scrolls of teleportation {unknown}
 m - a scroll of torment {unknown}
 o - a scroll of noise {unknown}
 q - a scroll of enchant armour {unknown}
Potions
 n - a potion of curing {unknown}
 r - a potion of heal wounds {unknown}
 v - 2 potions of flight {unknown}
 w - 2 potions of magic {unknown}


   Skills:
 + Level 6.8 Fighting
 + Level 5.0 Short Blades
 + Level 2.0 Long Blades
 + Level 2.0 Axes
 + Level 2.0 Maces & Flails
 + Level 2.0 Polearms
 + Level 2.0 Staves
 + Level 2.0 Slings
 + Level 2.0 Bows
 + Level 2.0 Crossbows
 + Level 2.0 Throwing
 + Level 2.0 Armour
 + Level 5.0 Dodging
 + Level 9.7 Stealth
 + Level 2.0 Shields
 + Level 2.0 Unarmed Combat
 + Level 2.0 Spellcasting
 + Level 1.5 Conjurations
 + Level 1.5 Hexes
 + Level 1.5 Summonings
 + Level 1.5 Necromancy
 + Level 1.5 Translocations
 + Level 1.5 Transmutations
 + Level 1.5 Fire Magic
 + Level 1.5 Ice Magic
 + Level 1.5 Air Magic
 + Level 1.5 Earth Magic
 + Level 1.5 Poison Magic
 + Level 2.1 Invocations
 + Level 2.0 Evocations


You had 9 spell levels left.
You didn't know any spells.
Your spell library was empty.

Dungeon Overview and Level Annotations

Branches:
Dungeon (5/15)
 Temple: D:4-7

Altars:


Innate Abilities, Weirdness & Mutations

You have very sharp teeth.
Your uncanny sense of smell can sniff out nearby items.
Your experience applies equally to all skills.


Message History

You see here a +0 short sword.
There is a stone staircase leading down here.
You fly downwards.
There is a stone staircase leading up here.
Done exploring.
No target in view!
Done exploring.
No target in view!
Done exploring.
No target in view!
Done exploring.
No target in view!
(D) Dungeon
Where to? (Enter - D:3, ? - help)
There is a stone staircase leading down here.
You fly downwards.
The ogre hits you with a +0 giant club!!
The hobgoblin hits you but does no damage.
The ogre hits you with a +0 giant club!!
* * * LOW HITPOINT WARNING * * *
There is a stone staircase leading up, spattered with blood here.
There are monsters nearby!
You are too injured to fight recklessly!
There are monsters nearby!
You are too injured to fight recklessly!
There are monsters nearby!
You are too injured to fight recklessly!
There are monsters nearby!
The hobgoblin misses you.
The hobgoblin hits you but does no damage.
The black bear closely misses you. x2
The black bear claws you but does no damage.
The hobgoblin shouts!
The hobgoblin wields the +8 hunting sling of Calculation {flame, rPois rF- rC+}.
It bursts into flame!
The hobgoblin shoots a stone.
The stone hits you.
* * * LOW HITPOINT WARNING * * *
The stone burns you.
* * * LOW HITPOINT WARNING * * *
The hobgoblin shoots a stone.
The stone hits you!
You die...

#...÷........##....##+.....+
.
#.........<.......#...##+##.
##....#....##.........#
#....###.#.W..........#
###...#####g##........#∆∆∆
##.....##.O#....#...#
#.........K..#..##'...
#..##.....h.g..#∆#g...
#.....>@.#..# ..#.
#..........#. ...
.........##..... ..
#....##.... #.... ##...
#.#... .#. #... ..#..## # ..
#.....# ......#


You could see a phantom, a black bear, an ogre, 2 hobgoblins and a kobold.

Vanquished Creatures
  A necrophage (D:4)
  An iguana (D:4)
  An orc priest (D:3)
  An orc wizard (D:3)
  3 gnolls
  2 adders
  An ufetubus (D:4)
  An adder skeleton (D:4)
  2 worms (D:2)
  3 dart slugs
  2 orcs (D:3)
  9 endoplasms
  4 giant cockroaches
  2 goblins
  10 hobgoblins
  4 jackals (D:4)
  8 kobolds
  4 quokkas
  3 ball pythons
  6 bats
  2 frilled lizards
  5 rats
75 creatures vanquished.

Vanquished Creatures (others)
  6 plants (D:5)
6 creatures vanquished.

Grand Total: 81 creatures vanquished

Notes
Turn   | Place    | Note
-------+----------+-------------------------------------------
     0 | D:5      | Reached skill level 9 in Stealth
     0 | D:5      | comborobin the Gnoll Delver began the quest for the Orb.
     0 | D:5      | Reached XP level 1. HP: 23/23 MP: 1/1
    44 | D:5      | Noticed an ice beast
    93 | D:5      | Reached XP level 2. HP: 25/29 MP: 2/2
   111 | D:5      | Noticed a centaur
   337 | D:4      | Noticed a necrophage
   376 | D:4      | Killed a necrophage
   377 | D:4      | Reached skill level 1 in Long Blades
   377 | D:4      | Reached skill level 1 in Axes
   377 | D:4      | Reached skill level 1 in Maces & Flails
   377 | D:4      | Reached skill level 1 in Polearms
   377 | D:4      | Reached skill level 1 in Staves
   377 | D:4      | Reached skill level 1 in Slings
   377 | D:4      | Reached skill level 1 in Bows
   377 | D:4      | Reached skill level 1 in Crossbows
   377 | D:4      | Reached skill level 1 in Throwing
   377 | D:4      | Reached skill level 1 in Armour
   377 | D:4      | Reached skill level 1 in Shields
   377 | D:4      | Reached skill level 1 in Unarmed Combat
   377 | D:4      | Reached skill level 1 in Spellcasting
   377 | D:4      | Reached skill level 1 in Conjurations
   377 | D:4      | Reached skill level 1 in Hexes
   377 | D:4      | Reached skill level 1 in Summonings
   377 | D:4      | Reached skill level 1 in Necromancy
   377 | D:4      | Reached skill level 1 in Translocations
   377 | D:4      | Reached skill level 1 in Transmutations
   377 | D:4      | Reached skill level 1 in Fire Magic
   377 | D:4      | Reached skill level 1 in Ice Magic
   377 | D:4      | Reached skill level 1 in Air Magic
   377 | D:4      | Reached skill level 1 in Earth Magic
   377 | D:4      | Reached skill level 1 in Poison Magic
   377 | D:4      | Reached skill level 1 in Invocations
   377 | D:4      | Reached skill level 1 in Evocations
   377 | D:4      | Reached XP level 3. HP: 24/35 MP: 2/4
   377 | D:4      | Reached XP level 4. HP: 29/41 MP: 2/5
   638 | D:4      | Reached XP level 5. HP: 47/47 MP: 6/6
   999 | D:4      | Noticed an ogre
  1000 | D:4      | Noticed a black bear
  1002 | D:4      | Noticed a phantom
  1007 | D:4      | Identified the +8 hunting sling of Calculation {flame,
                  | rPois rF- rC+}
  1529 | D:3      | Reached XP level 6. HP: 24/53 MP: 8/8
  3129 | D:1      | Reached skill level 5 in Short Blades
  3129 | D:1      | Reached skill level 5 in Dodging
  3812 | D:4      | Shot with a stone by a hobgoblin

Illustrated notes

Levels and vault maps discovered:
D:1:      minmay_arrival_stone_box, layout_loops_ring
D:2:      layout_loops_cross
D:3:      layout_basic, due_unseen_surprise
D:4:      minmay_octagon_keep, layout_cave_pools, chequers_decorated_corner,
          minmay_fractal_squares_diagonal_5
D:5:      layout_gridville, chequers_jeans, amcnicky_mini_rare_corridor_liquid,
          serial_bayou_pond_b, uniq_edmund

Skill      XL: |  1  2  3  4  5  6 |
---------------+-------------------+-----
Stealth        | |  9.7
Long Blades    | 1 2 |  2.0
Axes           | 1 2 |  2.0
Maces & Flails | 1 2 |  2.0
Polearms       | 1 2 |  2.0
Staves         | 1 2 |  2.0
Slings         | 1 2 |  2.0
Bows           | 1 2 |  2.0
Crossbows      | 1 2 |  2.0
Throwing       | 1 2 |  2.0
Armour         | 1 2 |  2.0
Shields        | 1 2 |  2.0
Unarmed Combat | 1 2 |  2.0
Spellcasting   | 1 2 |  2.0
Conjurations   | 1 |  1.5
Hexes          | 1 |  1.5
Summonings     | 1 |  1.5
Necromancy     | 1 |  1.5
Translocations | 1 |  1.5
Transmutations | 1 |  1.5
Fire Magic     | 1 |  1.5
Ice Magic      | 1 |  1.5
Air Magic      | 1 |  1.5
Earth Magic    | 1 |  1.5
Poison Magic   | 1 |  1.5
Invocations    | 1 2 |  2.1
Evocations     | 1 2 |  2.0
Short Blades   | 5 |  5.0
Dodging        | 5 |  5.0
Fighting       | |  6.8

Action                   |  1- 3 |  4- 6 || total
-------------------------+-------+-------++-------
Melee: Short sword       |     4 |   175 ||   179
       Unarmed           |    14 |    12 ||    26
       Bite              |       |    17 ||    17
       Punch             |       |     1 ||     1
 Fire: Hunting sling     |       |    14 ||    14
Throw: Stone             |       |     3 ||     3
Evoke: Wand              |     1 |       ||     1
  Use: Potion            |     2 |     2 ||     4
       Scroll            |       |     1 ||     1
 Stab: Sleeping          |       |    12 ||    12
       Distracted        |       |     1 ||     1
Armor: Skin              |    10 |     4 ||    14
       Leather armour    |       |    29 ||    29
       Ring mail         |       |    12 ||    12
Dodge: Dodged            |     6 |   139 ||   145
